 Dungeon Crawl Stone Soup version 0.31-a0-1447-g87ca8d402b (webtiles) character file.

Game seed: 947674143569711561

4328 Sobieck the Mimic (level 10, -4/86 HPs)
             Began as a Pale Draconian Shapeshifter on Dec 27, 2023.
             Slain by a killer bee (7 damage)
             ... on level 9 of the Dungeon.
             The game lasted 00:18:33 (8260 turns).

Sobieck the Mimic (Pale Draconian Shapeshifter)     Turns: 8260, Time: 00:18:34

Health: -4/86      AC:  7    Str: 21    XL:     10   Next: 12%
Magic:  10/10      EV: 17    Int: 17    God:
Gold:   376        SH:  0    Dex: 10    Spells: 9/9 levels left

rFire   . .          .
                       - Unarmed
rCold   . . .        (shield currently unavailable)
rNeg    . . .        (body armour unavailable)
rPois   .            (helmet restricted)
rElec   .            (no cloak)
rCorr   .            (no gloves)
SInv    .            (no boots)
Will    +....        e - amulet of the acrobat
Stlth   +            j - +6 ring of intelligence
HPRegen 0.34/turn    m - ring of willpower
MPRegen 0.12/turn

%: acrobat
@: lethally poisoned (-4 -> -10), flux-form, glowing
A: glow, contaminating, breathe steam, AC +7, unfitting armour, cold-blooded,
steam resistance
a: Breathe Steam, Begin Untransformation


You were on level 9 of the Dungeon.
You were something dangerously unstable.
You visited 2 branches of the dungeon, and saw 10 of its levels.

You collected 376 gold pieces.

Inventory:

Hand Weapons
 b - a +0 sling
Missiles
 k - 2 poisoned darts
 t - 8 boomerangs
 v - 2 javelins
 Z - 4 throwing nets
Armour
 g - a scarf of harm
 s - a +1 pair of gloves
Magical Staves
 r - a staff of air
 y - a staff of cold
Jewellery
 e - an amulet of the acrobat (around neck)
 j - a +6 ring of intelligence (left hand)
 m - a ring of willpower (right hand)
 z - a ring of flight
Talismans
 c - a flux talisman (active)
 p - a beast talisman
 w - a maw talisman
Wands
 n - a wand of mindburst (25)
 V - a wand of flame (28)
Scrolls
 d - a scroll of enchant weapon
 l - a scroll of amnesia
 o - a scroll of summoning
 q - a scroll of immolation
 x - a scroll of brand weapon {unknown}
 A - a scroll of enchant armour
 B - a scroll of fog {unknown}
 R - 4 scrolls of identify
 T - 2 scrolls of teleportation
Potions
 a - 6 potions of lignification
 f - a potion of ambrosia
 h - 2 potions of attraction
 i - 3 potions of magic
 u - a potion of resistance {unknown}


   Skills:
 + Level 7.0 Fighting
 - Level 5.0 Dodging
 + Level 7.5 Unarmed Combat
 + Level 9.8 Shapeshifting


You had 9 spell levels left.
You didn't know any spells.
Your spell library contained the following spells:

 Spells                   Type           Power      Damage    Failure   Level
 Apportation              Tloc           0%         N/A       24%         1
 Necrotise                Necr           0%         1d4       24%         1
 Shock                    Conj/Air       0%         1d3       24%         1
 Sting                    Conj/Alch      0%         1d3       24%         1
 Summon Small Mammal      Summ           0%         N/A       24%         1
 Mercury Vapours          Alch/Air       0%         N/A       34%         2
 Dazzling Flash           Conj/Hex       0%         N/A       56%         3
 Swiftness                Air            0%         N/A       56%         3
 Volatile Blastmotes      Fire/Tloc      0%         2d10      56%         3
 Airstrike                Air            0%         2d(0-16)  93%         4
 Fulminant Prism          Conj/Alch      0%         3d5       93%         4
 Iskenderun's Mystic Bla  Conj/Tloc      0%         2d3       93%         4
 Olgreb's Toxic Radiance  Alch           0%         N/A       93%         4
 Starburst                Conj/Fire      0%         6d3       100%        6
 Maxwell's Capacitive Co  Air            0%         ∞         100%        8


Dungeon Overview and Level Annotations

Branches:
Dungeon (9/15)             Temple (1/1) D:7
   Lair: D:8-11         Orc: D:9-12

Altars:
Ashenzari
Dithmenos
Elyvilon
Gozag
Hepliaklqana
Kikubaaqudgha
Nemelex Xobeh
Okawaru
Qazlal
Ru
Sif Muna
Trog
Uskayaw
Vehumet
Wu Jian
Xom
Yredelemnul
Zin
The Shining One

Shops:
D:1 *   D:7 [

Annotations:
D:7 2 transporters, Grum; croobank's ghost, novice DgFE


Innate Abilities, Weirdness & Mutations

You are something dangerously unstable.
You glow with magical radiation, making you easy to see and hit.
Foes you strike become dangerously contaminated with magical radiation.
You are incapable of wielding weapons or throwing items.
You can breathe blasts of scalding, opaque steam.
Your pale cyan-grey scales are hard. (AC +7)
You cannot fit into any form of body armour.
You are cold-blooded and may be slowed by cold attacks.
You are immune to the effects of steam.


Message History

* * * LOW HITPOINT WARNING * * *
The killer bee misses you.
Your Fighting skill increases to level 7!
You closely miss the orc wizard.
Your tail-slap misses the orc wizard.
You feel sick. The killer bee barely misses you.
The killer bee completely misses you. The kobold hits you with a +0 dagger.
* * * LOW HITPOINT WARNING * * *
The orc wizard gestures at you while chanting.
The puff of flame misses you.
The puff of flame misses the killer bee.
The puff of flame hits the killer bee!
The killer bee completely misses you.
The killer bee stings you but does no damage.
You hit the orc wizard but do no damage.
The orc wizard begins to glow.
You feel sick. The killer bee barely misses you.
The killer bee stings you but does no damage.
The kobold closely misses you.
The orc priest looks braver for a moment.
The orc wizard barely misses you.
The killer bee stings you but does no damage.
Unknown command.
You hit the orc wizard.
The orc wizard glows dangerously bright.
The orc wizard is moderately wounded.
You feel sick. The killer bee closely misses you. The killer bee stings you.
* * * LOW HITPOINT WARNING * * *
The kobold misses you. The orc wizard completely misses you.
You barely miss the orc wizard. You tail-slap the orc wizard.
The orc wizard is heavily wounded.
You feel sick. The killer bee closely misses you. x3
The killer bee stings you.
* * * LOW HITPOINT WARNING * * *
The orc wizard hits you but does no damage.
Unknown command.
You hit the orc wizard.
The orc wizard shudders as magic cascades through it!!!
You kill the orc wizard!
You feel sick. The killer bee closely misses you.
The killer bee barely misses you. The killer bee misses you.
The killer bee closely misses you. The killer bee barely misses you.
The killer bee stings you.
* * * LOW HITPOINT WARNING * * *
You are lethally poisoned!
The killer bee poisons you!
You hit the orc.
The orc begins to glow.
The orc is almost dead.
* * * LOW HITPOINT WARNING * * *
You feel sick. The killer bee misses you. The killer bee completely misses you.
The killer bee barely misses you. The killer bee misses you.
The killer bee stings you!
You die...

..#.......# ..
#.........# #..
#.........# #..#
#........#
.?..###....#...##
................#
......yyK.......#
#yyKo.....#
#pyKyK.....#
#o##K......#
.oYY#.......#
....Y...o.>....
.#.
.......Y..##....
...
.......#.......#
....
......##.....#.#
.....
.##...........
#..... .......
#...#


You could see 4 yaks, a kobold brigand, 6 killer bees, an orc priest, 2 orcs and
4 kobolds.

Vanquished Creatures
  A two-headed ogre (D:8)
  A yak (D:9)
  4 wyverns
  2 sky beasts (D:6)
  2 black bears
  2 ogres (D:4)
  2 centaurs
  2 phantoms
  A kobold brigand (D:9)
  2 bullfrogs
  2 gnoll sergeants (D:7)
  A scorpion (D:6)
  3 wights (D:6)
  8 killer bees
  4 howler monkeys
  6 hounds
  4 jellies
  An orc priest (D:7)
  3 sleepcaps
  7 iguanas
  4 orc wizards
  9 adders
  21 gnolls
  2 white imps
  2 ufetubi (D:5)
  4 worms
  4 dart slugs
  25 orcs
  10 ball pythons
  8 bats
  6 endoplasms
  4 giant cockroaches
  4 hobgoblins
  10 jackals
  7 quokkas
  A frilled lizard (D:2)
  10 goblins
  15 kobolds
  7 rats
211 creatures vanquished.

Notes
Turn   | Place    | Note
-------+----------+-------------------------------------------
     0 | D:1      | Sobieck the Draconian Shapeshifter began the quest for the
                  | Orb.
     0 | D:1      | Reached XP level 1. HP: 16/16 MP: 1/1
   116 | D:1      | Reached XP level 2. HP: 20/23 MP: 2/2
   280 | D:1      | Reached XP level 3. HP: 29/29 MP: 3/3
   462 | D:1      | Found Loerol's Assorted Antiques.
   710 | D:2      | You fall into a shaft and drop 1 floor!
   762 | D:2      | Reached XP level 4. HP: 33/36 MP: 4/4
  1284 | D:2      | Found a faded altar of an unknown god.
  1832 | D:3      | Reached XP level 5. HP: 38/42 MP: 5/5
  2383 | D:3      | Found a shadowy altar of Dithmenos.
  2383 | D:3      | Noticed a shadow
  2389 | D:3      | Found a hazy altar of Hepliaklqana.
  2458 | D:4      | Noticed a phantom
  2470 | D:3      | Killed a phantom
  2471 | D:3      | Reached skill level 3 in Fighting
  2471 | D:3      | Reached skill level 3 in Dodging
  2471 | D:3      | Reached skill level 4 in Shapeshifting
  2561 | D:4      | Reached XP level 6. HP: 30/51 MP: 6/6
  2831 | D:4      | Found an iron altar of Okawaru.
  3021 | D:4      | Found a stormy altar of Qazlal.
  3344 | D:4      | Your scales start taking on a pale cyan-grey colour.
  3344 | D:4      | Reached XP level 7. HP: 54/59 MP: 7/7
  3344 | D:4      | Gained mutation: You are immune to the effects of steam.
                  | [Pale Draconian growth]
  3575 | D:5      | Entered Level 5 of the Dungeon
  3754 | D:5      | Found a broken altar of Ashenzari.
  3861 | D:5      | Identified a scroll of acquirement
  3861 | D:5      | Acquired a ring of willpower
  4026 | D:5      | Reached skill level 5 in Shapeshifting
  4590 | D:6      | Reached XP level 8. HP: 68/68 MP: 8/8
  5138 | D:6      | Found a glowing golden altar of the Shining One.
  5316 | D:6      | Reached skill level 6 in Unarmed Combat
  5443 | D:6      | Reached skill level 6 in Shapeshifting
  5732 | D:6      | Found a sacrificial altar of Ru.
  5845 | D:7      | Found Adynodd's Antique Armour Shoppe.
  5881 | D:6      | Reached skill level 7 in Shapeshifting
  6323 | D:7      | Noticed Grum
  6325 | D:7      | Reached XP level 9. HP: 74/74 MP: 9/9
  6334 | D:6      | Reached skill level 8 in Shapeshifting
  6749 | D:6      | Reached skill level 9 in Shapeshifting
  7050 | D:7      | Identified the ring "Peruluut" {rF+ Dex+6}
  7071 | D:7      | Found a staircase to the Ecumenical Temple.
  7079 | Temple   | Entered the Ecumenical Temple
  7478 | D:7      | Noticed croobank's ghost (novice DgFE)
  7489 | D:7      | Found a transporter.
  7489 | D:7      | Found a transporter.
  7794 | D:8      | Found a white marble altar of Elyvilon.
  7795 | D:8      | Noticed a skeletal warrior
  7992 | D:8      | Reached skill level 6 in Fighting
  8022 | D:8      | Noticed a two-headed ogre
  8028 | D:8      | Killed a two-headed ogre
  8196 | D:8      | Noticed a skeletal warrior
  8196 | D:8      | Noticed a skeletal warrior
  8211 | D:8      | Reached XP level 10. HP: 79/84 MP: 10/10
  8260 | D:9      | HP: 3/86 [poisoned by a killer bee]
  8260 | D:9      | Slain by a killer bee

Illustrated notes

Levels and vault maps discovered:
D:1:      evilmike_arrival_fibonacci_small, layout_basic, serial_shops,
          shop_statue
D:2:      layout_loops_ring, ebering_ecumenical_altar_ruins,
          chequers_serial_rivers_marsh
D:3:      layout_loops_cross, riverfiend_overflow_shadow_ancestor
D:4:      layout_loops_corners, okawaru_trees_1, kennysheep_mini_moat
D:5:      layout_basic, ashenzari_altar_1, minivault_14
D:6:      layout_loops_ring, nicolae_ru_path_of_blood, tso_altar,
          minmay_stone_trees_small, nicolae_hexahallways,
          kennysheep_small_spiral
D:7:      hellmonk_destroyed_diamonds, layout_cave_pools,
          minmay_temple_entry_proselytizer, serial_gnoll_camp,
          gnoll_camp_mini_doghouse, gnoll_camp_mini_loothouse,
          gnoll_camp_mini_shop, gnoll_camp_mini_basic,
          gammafunk_ghost_gnarly_gnolls
D:8:      layout_loops_ring, grunt_temple_overflow_open, solitary_fountain
D:9:      layout_cave_pools, dpeg_oklobed_lair
Temple:   minmay_freezing_vapour_temple

Skill      XL: |  1  2  3  4  5  6  7  8  9 10 |
---------------+-------------------------------+-----
Dodging        | 2 3 4 5 |  5.0
Fighting       | 2 3 4 5 6 7 |  7.0
Unarmed Combat | 4 5 6 7 |  7.5
Shapeshifting  | 4 5 7 9 |  9.8

Action                     |  1- 3 |  4- 6 |  7- 9 | 10-12 || total
---------------------------+-------+-------+-------+-------++-------
  Melee: Unarmed           |   109 |   168 |   218 |    30 ||   525
         Tailslap          |     9 |    28 |    32 |     5 ||    74
         Punch             |       |     2 |     2 |       ||     4
   Fire: Sling             |       |    20 |       |       ||    20
Ability: Breathe Steam     |       |       |    45 |     1 ||    46
  Evoke: Wand              |       |     4 |     2 |       ||     6
    Use: Scroll            |       |       |    13 |     1 ||    14
         Potion            |       |       |       |     3 ||     3
   Stab: Sleeping          |     1 |       |       |       ||     1
 Armour: Skin              |    48 |    73 |   129 |    40 ||   290
  Dodge: Dodged            |    72 |    90 |   221 |    92 ||   475
   Form: Flux              |       |       |     1 |       ||     1

Table legend: (Time is in decaauts)
 A = Elapsed time spent in this place.
 B = Non-inter-level travel time spent in this place.
 C = Inter-level travel time spent in this place.
 D = Time resting spent in this place.
 E = Time spent auto-exploring this place.
 F = Levels seen in this place.
 G = Mean time per level.
                   A        B        C        D        E       F      G
               +--------+--------+--------+--------+--------+-----+--------+
         Total |   8236 |   7674 |    562 |   1555 |   4586 |  10 |  823.6 |
       Dungeon |   8234 |   7672 |    562 |   1555 |   4586 |   9 |  914.9 |
        Temple |      1 |      1 |      0 |      0 |      0 |   1 |    1.0 |
               +--------+--------+--------+--------+--------+-----+--------+

Top non-repeatable levels by time:
     D:6: 2422 daAuts
     D:4: 1055 daAuts
     D:2: 1011 daAuts
     D:7: 896 daAuts
     D:5: 821 daAuts
     D:3: 818 daAuts
     D:1: 676 daAuts
     D:8: 495 daAuts
     D:9: 37 daAuts
  Temple: 1 daAuts
